 Dungeon Crawl Stone Soup version 0.18.1-50-g88ac8fd (webtiles) character file.

6097 varam the Grappler (level 10, -4/86 HPs)
             Began as a Pale Draconian Transmuter on Oct 17, 2016.
             Was a Priest of Cheibriados.
             Killed from afar by Erica (36 damage)
             ... with a bolt of poison
             ... on level 9 of the Dungeon.
             The game lasted 00:37:16 (13145 turns).

varam the Grappler (Pale Draconian Transmuter)     Turns: 13145, Time: 00:37:18

Health: -4/86      AC:  2    Str: 20    XL:     10   Next: 58%
Magic:  8/20       EV: 28    Int: 20    God:    Cheibriados [***...]
Gold:   495        SH:  0    Dex: 24    Spells: 4 memorised, 9 levels left

rFire  . . .     SeeInvis .       - Unarmed
rCold  . . .     Gourm    +     (armour unavailable)
rNeg   . . .     Faith    .     (shield currently unavailable)
rPois  x         Spirit   .     (helmet currently unavailable)
rElec  .         Dismiss  .     (cloak currently unavailable)
rCorr  .         Reflect  .     (gloves currently unavailable)
SustAt .         Harm     .     (boots currently unavailable)
MR     +....                    J - amulet of the gourmand
Stlth  ++........               q - ring of wizardry
                                e - ring of protection from magic

@: lethally poisoned (-4 -> -43), spider-form (expiring), very slow, somewhat
resistant to hostile enchantments, unstealthy
A: (breathe steam), unfitting armour, (cold-blooded), AC +7
a: End Transformation, Bend Time, Temporal Distortion, Renounce Religion


You were on level 9 of the Dungeon.
You worshipped Cheibriados.
Cheibriados was most pleased with you.
You were very full.
You were a venomous arachnid creature.
You visited 2 branches of the dungeon, and saw 10 of its levels.

You collected 495 gold pieces.

Inventory:

Hand Weapons
 M - the +7 short sword of Floods (melded) {antimagic, *Drain rC++ Str+3 Int+3}
   (You found it on level 7 of the Dungeon)

   It disrupts the flow of magical energy around spellcasters and certain
   magical creatures (including the wielder).
   It affects your strength (+3).
   It affects your intelligence (+3).
   It greatly protects you from cold.
   It causes draining when unequipped.
Missiles
 a - 182 arrows
Armour
 O - a +0 pair of boots (melded)
Jewellery
 c - an uncursed amulet of faith
 e - a ring of protection from magic (left front leg)
 f - an uncursed ring of protection from fire
 k - an uncursed ring of resist corrosion
 q - a ring of wizardry (right front leg)
 t - an uncursed ring of ice {unknown}
 J - an amulet of the gourmand (around neck)
 Q - an uncursed amulet of regeneration {unknown}
Wands
 s - a wand of flame (11/48)
 y - a wand of random effects (25/48)
 P - a wand of flame (33/48)
Scrolls
 d - 6 scrolls of enchant armour {unknown}
 h - 7 scrolls of identify {unknown}
 l - 4 scrolls of amnesia {unknown}
 m - 6 scrolls of remove curse {unknown}
 n - a scroll of fear {unknown}
 o - 2 scrolls of enchant weapon {unknown}
 r - 3 scrolls of teleportation {unknown}
 w - 2 scrolls of immolation {unknown}
 E - a scroll of blinking {unknown}
 F - a scroll of magic mapping {unknown}
 K - a scroll of random uselessness {unknown}
Potions
 i - a potion of curing
 j - a potion of cure mutation {unknown}
 u - a potion of lignification {unknown}
 v - a potion of agility
 x - a potion of berserk rage {unknown}
 z - 3 potions of brilliance
 A - 3 potions of resistance
 B - 4 potions of haste {unknown}
 C - a potion of cancellation {unknown}
 D - a potion of invisibility {unknown}
 G - 2 potions of flight {unknown}
 H - a potion of beneficial mutation {unknown}
Books
 b - a book of Changes

   Spells                             Type                      Level
   a - Beastly Appendage              Transmutation                1
   b - Sticks to Snakes               Transmutation                2
   c - Spider Form                    Transmutation/Poison         3
   d - Ice Form                       Ice/Transmutation            4
   e - Blade Hands                    Transmutation                5
Comestibles
 g - 4 meat rations
 p - 5 bread rations
 I - a royal jelly
 L - 8 slices of pizza
 N - 2 beef jerkies


   Skills:
 + Level 7.6 Fighting
 + Level 6.5 Dodging
 * Level 8.6 Unarmed Combat
 - Level 6.9 Spellcasting
 - Level 7.0 Transmutations


You had 9 spell levels left.
You knew the following spells:

 Your Spells              Type           Power        Failure   Level  Hunger
a - Beastly Appendage     Trmt           #####.       1%          1    None
b - Ice Form              Ice/Trmt       ###.....     21%         4    ###....
c - Spider Form           Trmt/Pois      ###.......   10%         3    #......
d - Blade Hands           Trmt           #####.....   16%         5    #####..


Dungeon Overview and Level Annotations

Branches:
Dungeon (9/15)             Temple (1/1) D:7            Lair (0/8) D:8
    Orc: D:9-12

Altars:
Ashenzari
Cheibriados
Dithmenos
Elyvilon
Fedhas
Gozag
Kikubaaqudgha
Makhleb
Nemelex Xobeh
Okawaru
Pakellas
Qazlal
Ru
Sif Muna
Trog
Vehumet
Xom
Yredelemnul
Zin
The Shining One

Annotations:
D:6 exclusion: oklob plant
D:9 Erica


Innate Abilities, Weirdness & Mutations

((You can breathe blasts of scalding, opaque steam.))
((Your pale cyan-grey scales are hard (AC +7).))
Your body does not fit into most forms of armour.
((You are cold-blooded and may be slowed by cold attacks.))


Message History

You see here a scorpion corpse.
You hit Erica.
Erica is lightly wounded.
You feel sick.
You barely miss Erica.
Erica is lightly wounded.
You feel sick.
Erica hits you with a scimitar of flaming.
Erica burns you.
You closely miss Erica.
Erica is lightly wounded.
Erica casts a spell at you. The bolt of poison misses you.
You hit Erica.
Erica is moderately wounded.
You feel sick. Erica casts a spell at you. The bolt of poison hits you!
You are lethally poisoned!
You die...

#. #. #. ##.#
####...###
.........
#..)@# #s# #)#
###[######.
#..)......#+#
#.#<#####.#.#
#.#.### #.#.#
#.#...# #.#.##
#.###.# #....##
#.###.###.....#


You could see Erica.

Vanquished Creatures
  A troll (D:9)
  Grinder (D:4)
  Sigmund (D:4)
  The ghost of Galewind the Magician, an amateur DECj (D:4)
  A hog (D:7)
  6 yaks (D:9)
  A human (D:7)
  A hippogriff (D:7)
  Edmund (D:4)
  2 ice beasts
  Duvessa (D:4)
  2 orc warriors
  A sky beast (D:6)
  An ogre (D:6)
  3 phantoms
  4 centaurs
  The ghost of Britaniac the Firebug, an amateur DEFE (D:3)
  3 big kobolds
  2 giant frogs
  A gnoll sergeant (D:8)
  6 scorpions
  14 killer bees
  Dowan (D:4)
  4 howler monkeys
  4 crimson imps
  A quasit (D:8)
  6 orc wizards
  4 orc priests
  2 giant frog zombies
  A hound (D:5)
  A centaur skeleton (D:4)
  A giant frog skeleton (D:7)
  An iguana (D:4)
  Natasha (thrice) (D:4)
  4 worker ants
  3 sheep (D:7)
  A hound zombie (D:5)
  2 hound skeletons (D:4)
  A worker ant zombie (D:8)
  A howler monkey skeleton (D:8)
  5 adders
  3 gnolls (D:8)
  A river rat (D:8)
  A shadow imp (D:9)
  An ooze (D:7)
  An adder zombie (D:6)
  A worm (D:5)
  3 adder skeletons
  4 dart slugs
  4 giant geckos
  32 orcs
  3 ball pythons (D:4)
  5 giant cockroaches
  10 goblins
  6 hobgoblins
  6 jackals
  23 kobolds
  6 quokkas
  6 bats
  2 giant gecko skeletons
  6 giant newts
  A jackal skeleton (D:5)
  A quokka skeleton (D:7)
  13 rats
  A butterfly (D:7)
241 creatures vanquished.

Notes
Turn   | Place    | Note
--------------------------------------------------------------
     0 | D:1      | varam the Draconian Transmuter began the quest for the Orb.
     0 | D:1      | Reached XP level 1. HP: 16/16 MP: 3/3
   259 | D:1      | Reached XP level 2. HP: 15/23 MP: 3/5
   891 | D:2      | Found a bloodstained altar of Trog.
   961 | D:2      | Found a shadowy altar of Dithmenos.
   994 | D:2      | Reached XP level 3. HP: 24/28 MP: 5/7
  1102 | D:2      | Learned a level 3 spell: Spider Form
  1126 | D:2      | Found an ancient bone altar of Kikubaaqudgha.
  1388 | D:3      | Noticed Britaniac's ghost (amateur DEFE)
  1428 | D:4      | Noticed Natasha
  1431 | D:4      | Killed Natasha
  1431 | D:4      | Reached XP level 4. HP: 16/35 MP: 4/9
  1560 | D:4      | Noticed Galewind's ghost (amateur DECj)
  1732 | D:3      | Noticed an orc warrior
  2099 | D:3      | Reached XP level 5. HP: 11/40 MP: 6/11
  2349 | D:3      | Killed Britaniac's ghost
  3372 | D:4      | Reached XP level 6. HP: 28/47 MP: 9/13
  3496 | D:4      | Found an iron altar of Okawaru.
  3496 | D:4      | Noticed Sigmund
  3505 | D:4      | Killed Sigmund
  3531 | D:4      | Noticed Natasha
  3549 | D:4      | Killed Natasha
  3602 | D:4      | Reached skill level 5 in Spellcasting
  3602 | D:4      | Your scales start taking on a pale cyan-grey colour.
  3602 | D:4      | Reached XP level 7. HP: 51/55 MP: 10/14
  3615 | D:4      | Noticed Grinder
  3637 | D:4      | Killed Grinder
  3637 | D:4      | Reached skill level 4 in Unarmed Combat
  3795 | D:4      | Noticed Natasha
  3795 | D:4      | Killed Natasha
  4754 | D:4      | Reached skill level 5 in Transmutations
  4854 | D:4      | Killed Galewind's ghost
  4854 | D:4      | Reached XP level 8. HP: 33/64 MP: 12/16
  5063 | D:4      | Noticed Edmund
  5085 | D:4      | Killed Edmund
  6247 | D:4      | Reached skill level 5 in Unarmed Combat
  6488 | D:4      | Noticed Dowan
  6490 | D:4      | Noticed Duvessa
  6511 | D:4      | Killed Dowan
  6544 | D:4      | Killed Duvessa
  7280 | D:5      | Entered Level 5 of the Dungeon
  7373 | D:5      | Found a glowing silver altar of Zin.
  7376 | D:5      | Found a bloodstained altar of Trog.
  7379 | D:5      | Found a burning altar of Makhleb.
  7382 | D:5      | Found a radiant altar of Vehumet.
  7545 | D:5      | Reached XP level 9. HP: 14/73 MP: 10/18
  7984 | D:5      | Learned a level 4 spell: Ice Form
  8271 | D:5      | Reached skill level 5 in Fighting
  9209 | D:6      | Found a shimmering altar of Xom.
  9209 | D:6      | Noticed an oklob plant
  9548 | D:6      | Reached skill level 5 in Dodging
  9803 | D:7      | Got a fine short sword
  9813 | D:7      | Found a shattered altar of Ashenzari.
  9872 | D:7      | Found an oddly glowing altar of Pakellas.
  9981 | D:7      | Found a basalt altar of Yredelemnul.
 10029 | D:7      | Reached skill level 6 in Unarmed Combat
 10283 | D:7      | Found a glowing silver altar of Zin.
 10624 | D:7      | Learned a level 5 spell: Blade Hands
 10670 | D:7      | Found a staircase to the Ecumenical Temple.
 10712 | Temple   | Entered the Ecumenical Temple
 10747 | Temple   | Became a worshipper of Cheibriados the Contemplative
 10812 | D:7      | Identified the +7 short sword of Floods {antimagic, *Drain rC++ Str+3 Int+3} (You found it on level 7 of the Dungeon)
 11178 | D:7      | Found a shimmering altar of Xom.
 11479 | D:8      | Reached XP level 10. HP: 76/84 MP: 2/20
 11531 | D:8      | Reached skill level 7 in Unarmed Combat
 11584 | D:8      | Reached * piety under Cheibriados
 11745 | D:8      | Found a staircase to the Lair.
 12336 | D:9      | Found a sparkling altar of Nemelex Xobeh.
 12345 | D:9      | Reached ** piety under Cheibriados
 12836 | D:9      | Reached skill level 8 in Unarmed Combat
 13127 | D:9      | Noticed Erica
 13140 | D:9      | Reached *** piety under Cheibriados
 13145 | D:9      | Killed from afar by Erica

Skill      XL: |  1  2  3  4  5  6  7  8  9 10 |
---------------+-------------------------------+-----
Spellcasting   | 3 4 5 6 |  6.9
Transmutations | 3 4 5 7 |  7.0
Dodging        | 2 3 4 5 6 |  6.5
Fighting       | 2 3 4 6 7 |  7.6
Unarmed Combat | 4 5 6 8 |  8.6

Action                   |  1- 3 |  4- 6 |  7- 9 | 10-12 || total
-------------------------+-------+-------+-------+-------++-------
Melee: Unarmed           |    48 |    87 |   421 |   157 ||   713
       Headbutt          |     8 |       |       |       ||     8
       Spear             |    56 |     8 |   105 |       ||   169
       Tailslap          |     3 |       |     9 |     6 ||    18
       Kick              |     1 |       |       |       ||     1
       Punch             |       |       |     1 |       ||     1
       Short sword       |       |       |     1 |     4 ||     5
 Cast: Beastly Appendage |    16 |       |       |       ||    16
       Spider Form       |     5 |    17 |    63 |     7 ||    92
       Blade Hands       |       |       |     5 |     9 ||    14
       Ice Form          |       |       |     2 |       ||     2
 Abil: Breathe Steam     |       |       |     1 |       ||     1
  Use: Potion            |       |     4 |     2 |     2 ||     8
 Stab: Sleeping          |       |       |     2 |       ||     2
       Distracted        |       |       |     1 |       ||     1
  Eat: Chunk             |     2 |     3 |    24 |     8 ||    37
       Fruit             |       |     2 |     2 |       ||     4
       Bread ration      |       |     1 |     2 |       ||     3
       Pizza             |       |       |     1 |       ||     1
       Meat ration       |       |       |     1 |       ||     1
Armor: Skin              |    23 |    12 |    48 |    31 ||   114
Dodge: Dodged            |    59 |    70 |   447 |   159 ||   735
